 Dungeon Crawl Stone Soup version 0.28-a0-1199-gef9e1dbd39 (webtiles) character file.

Game seed: 10606231048746928366

242 Peloso the Covered (level 5, -4/48 HPs)
             Began as a Minotaur Fighter on Dec 19, 2021.
             Slain by Menkaure (17 damage)
             ... on level 4 of the Dungeon.
             The game lasted 00:03:59 (3196 turns).

Peloso the Covered (Minotaur Fighter)               Turns: 3196, Time: 00:03:59

Health: -4/48      AC: 13    Str: 23    XL:     5   Next: 82%
Magic:  4/4        EV:  7    Int:  5    God:
Gold:   83         SH:  4    Dex: 11    Spells: 4/4 levels left

rFire   . . .      SeeInvis .   a - +0 long sword
rCold   . . .      Faith    .   c - +0 buckler
rNeg    . . .      Spirit   .   g - +0 plate armour
rPois   .          Reflect  .   (helmet restricted)
rElec   .          Harm     .   j - +0 cloak
rCorr   .          Rampage  .   (no gloves)
Will    .....                   (no boots)
Stlth   ..........              (no amulet)
HPRegen 0.16/turn               (no ring)
MPRegen 0.09/turn               (no ring)

@: no status effects
A: horns 2, retaliatory headbutt, sense surroundings 1, strong 1, devolution 1
a: no special abilities


You were on level 4 of the Dungeon.
You visited 1 branch of the dungeon, and saw 4 of its levels.

You collected 83 gold pieces.

Inventory:

Hand Weapons
 a - a +0 long sword (weapon)
Armour
 b - a +0 scale mail
 c - a +0 buckler (worn)
 g - a +0 plate armour (worn)
 j - a +0 cloak (worn)
Scrolls
 f - a scroll of identify {unknown}
Potions
 d - 2 potions of might
 e - a potion of haste {unknown}
 h - a potion of mutation
 i - a potion of curing {unknown}
 k - a potion of attraction {unknown}


   Skills:
 + Level 5.2 Fighting
 + Level 4.0 Long Blades
 + Level 5.8 Armour
 + Level 0.6 Dodging
 + Level 0.1 Stealth
 + Level 4.0 Shields


You had 4 spell levels left.
You didn't know any spells.
Your spell library contained the following spells:

 Spells                   Type           Power      Damage    Failure   Level
 Freeze                   Ice            0%         1d3       100%        1
 Frozen Ramparts          Ice            0%         1d2       100%        3
 Ignite Poison            Fire/Tmut/Pois 0%         N/A       100%        3
 Mephitic Cloud           Conj/Pois/Air  0%         N/A       100%        3
 Tukima's Dance           Hex            0%         N/A       100%        3
 Hailstorm                Conj/Ice       0%         3d3       100%        4
 Passage of Golubria      Tloc           0%         N/A       100%        4
 Freezing Cloud           Conj/Ice/Air   0%         6-21      100%        5
 Yara's Violent Unravell  Hex/Tmut       0%         3d3       100%        5


Dungeon Overview and Level Annotations

Branches:
Dungeon (4/15)             Temple (0/1) D:4

Altars:

Shops:
D:4 *

Annotations:
D:4 Menkaure


Innate Abilities, Weirdness & Mutations

You have a pair of horns on your head.
You reflexively headbutt those who attack you in melee.
You passively map a small area around you.
Your muscles are strong. (Str +2)
You have hidden genetic defects.


Message History

Your plate armour prevents you from hitting the hound.
Your headbutt misses the hound.
The hound is almost dead.
The hound bites you. The hound barely misses you.
You closely miss the hound.
The hound is almost dead.
The hound bites you but does no damage. x2
You hit the hound.
You kill the hound!
Your Long Blades skill increases to level 4!
You miss the adder. The adder bites you but does no damage.
The adder barely misses you. You furiously retaliate!
You headbutt the adder!
You kill the adder!
A gnoll comes into view. It is wielding a +0 club.
The gnoll shouts!
You hear a shout!
You block Menkaure's attack.
You see here an adder corpse.
You hit Menkaure but do no damage.
Menkaure gestures wildly while chanting.
Menkaure seems to speed up.
You hit Menkaure.
You headbutt Menkaure, but do no damage.
Menkaure is lightly damaged.
Menkaure hits you.
Menkaure points at you and mumbles some strange words.
Pain shoots through your body!
You hit Menkaure.
You headbutt Menkaure, but do no damage.
Menkaure is lightly damaged.
A kobold comes into view. It is wielding a +0 whip.
Menkaure calls on the powers of darkness!
The gnoll convulses!
Your body is wracked with pain!
* * * LOW HITPOINT WARNING * * *
The gnoll convulses! x2; The quokka convulses!
It was a potion of mutation.
You feel extremely strange.
You feel a strange attunement to the structure of the dungeons.
You feel a hidden malignance growing inside you.
You feel stronger. Menkaure hits you!
You die...

* #.#.# , , #.
#.#.####### # *
#<
##.#.......##.#*
#.
#..............
, * #.
#.#####.#..####
#. # * #.#..# ,
.. #....# * * ##
#.##.# , *
#.##@## ,
,..#.#M## *
##..###g### *
#..# ##gg#, , *
#... #.#r#,
#.... #.. K.#
#.( .... ..# ..
..Mr.,... ,
,.........# g.J#


You could see Menkaure (fast), 3 gnolls, a quokka and a kobold.

Vanquished Creatures
  A hound (D:4)
  Jessica (D:2)
  A centaur skeleton (D:4)
  5 adders
  3 gnolls (D:2)
  2 worms
  4 dart slugs
  3 orcs (D:3)
  5 ball pythons
  5 endoplasms
  2 giant cockroaches
  5 goblins
  6 hobgoblins
  5 kobolds
  6 quokkas
  10 bats
  A frilled lizard (D:3)
  4 rats
69 creatures vanquished.

Notes
Turn   | Place    | Note
-------+----------+-------------------------------------------
     0 | D:1      | Peloso the Minotaur Fighter began the quest for the Orb.
     0 | D:1      | Reached XP level 1. HP: 19/19 MP: 0/0
   325 | D:1      | Reached XP level 2. HP: 27/27 MP: 1/1
  1054 | D:2      | Noticed Jessica
  1060 | D:2      | Killed Jessica
  1061 | D:2      | Reached XP level 3. HP: 32/35 MP: 2/2
  1130 | D:2      | Reached XP level 4. HP: 35/41 MP: 3/3
  1509 | D:2      | Reached skill level 5 in Fighting
  1513 | D:2      | Reached skill level 5 in Armour
  1802 | D:2      | Found a faded altar of an unknown god.
  2229 | D:2      | Reached XP level 5. HP: 48/48 MP: 4/4
  3019 | D:4      | Found Aligeom's Assorted Antiques.
  3063 | D:4      | Found a staircase to the Ecumenical Temple.
  3177 | D:4      | Noticed Menkaure
  3196 | D:4      | Gained mutation: You passively map a small area around you.
                  | [potion of mutation]
  3196 | D:4      | Gained mutation: You have hidden genetic defects. [potion
                  | of mutation]
  3196 | D:4      | Gained mutation: Your muscles are strong. (Str +2) [potion
                  | of mutation]
  3196 | D:4      | Slain by Menkaure

Illustrated notes

Levels and vault maps discovered:
D:1:      dpeg_arrival_solitude, layout_basic
D:2:      layout_basic, dilly_ecumenical_altar_fadedgnrine,
          chequers_serial_rivers_micro_e, uniq_jessica
D:3:      layout_basic, minmay_diced_spiral
D:4:      layout_loops_ring, temple_doors_e, serial_shops, shop, uniq_menkaure

Skill      XL: |  1  2  3  4  5 |
---------------+----------------+-----
Fighting       | 4 5 |  5.2
Armour         | 4 5 |  5.8
Long Blades    | 3 4 |  4.0
Shields        | 4 |  4.0
Dodging        | |  0.6
Stealth        | |  0.1

Action                   |  1- 3 |  4- 6 || total
-------------------------+-------+-------++-------
Melee: Long sword        |    40 |   125 ||   165
       Headbutt          |     2 |    14 ||    16
  Use: Potion            |     3 |     1 ||     4
Armor: Scale mail        |    28 |    44 ||    72
       Plate armour      |       |    29 ||    29
Dodge: Dodged            |    32 |    58 ||    90
Block: Buckler           |    10 |    26 ||    36

Table legend: (Time is in decaauts)
 A = Elapsed time spent in this place.
 B = Non-inter-level travel time spent in this place.
 C = Inter-level travel time spent in this place.
 D = Time resting spent in this place.
 E = Time spent auto-exploring this place.
 F = Levels seen in this place.
 G = Mean time per level.
                   A        B        C        D        E       F      G
               +--------+--------+--------+--------+--------+-----+--------+
         Total |   3235 |   3143 |     92 |     47 |   2490 |   4 |  808.8 |
       Dungeon |   3235 |   3143 |     92 |     47 |   2490 |   4 |  808.8 |
               +--------+--------+--------+--------+--------+-----+--------+

Top non-repeatable levels by time:
     D:2: 1370 daAuts
     D:1: 914 daAuts
     D:3: 673 daAuts
     D:4: 277 daAuts
